 Dungeon Crawl Stone Soup version 0.20.0-6-gd3061e9 (webtiles) character file.

2108 Jumanji the Basher (level 9, -6/82 HPs)
             Began as a Minotaur Fighter on May 28, 2017.
             Was an Initiate of the Shining One.
             Mangled by an ogre
             ... wielding a cursed -3 giant spiked club
              (15 damage)
             ... on level 6 of the Dungeon.
             The game lasted 00:11:10 (4348 turns).

Jumanji the Basher (Minotaur Fighter)               Turns: 4348, Time: 00:11:11

Health: -6/82      AC:  9    Str: 21    XL:     9   Next: 7%
Magic:  8/8        EV:  6    Int:  5    God:    the Shining One [......]
Gold:   249        SH: 10    Dex: 13    Spells: 8/8 levels left

rFire    . . .     SeeInvis .   a - +0 flail
rCold    . . .     Gourm    .   c - +0 shield
rNeg     . . .     Faith    .   q - +0 chain mail
rPois    .         Spirit   .   (helmet restricted)
rElec    .         Reflect  .   (no cloak)
rCorr    .         Harm     .   (no gloves)
MR       .....     Rnd*Tele +   (no boots)
Stlth    ..........             (no amulet)
Regen    0.3/turn               m - ring of teleportation (curse)
MPRegen  0.2/turn               l - ring of stealth

@: glowing
A: retaliatory headbutt, horns 2
a: Renounce Religion


You were on level 6 of the Dungeon.
You worshipped the Shining One.
The Shining One was noncommittal.
You were very hungry.

You visited 2 branches of the dungeon, and saw 7 of its levels.

You collected 249 gold pieces.

Inventory:

Hand Weapons
 a - a +0 flail (weapon)
 r - a +0 short sword
Armour
 b - a +0 scale mail
 c - a +0 shield (worn)
 q - a +0 chain mail (worn)
Jewellery
 i - a +2 ring of intelligence
 l - a ring of stealth (right hand)
 m - a cursed ring of teleportation (left hand)
 A - an uncursed ring of fire {unknown}
Wands
 v - a wand of digging (13/24)
 E - a wand of random effects (25/48)
 F - a wand of confusion (31/48)
 G - a wand of flame (36/48)
Scrolls
 e - 3 scrolls of remove curse {unknown}
 g - 4 scrolls of fear {unknown}
 h - a scroll of amnesia {unknown}
 k - a scroll of magic mapping {unknown}
 n - 2 scrolls of teleportation {unknown}
 o - 6 scrolls of identify {unknown}
 y - 3 scrolls of enchant armour {unknown}
 D - a scroll of recharging {unknown}
Potions
 d - 3 potions of might
 j - a potion of mutation {unknown}
 p - a potion of cancellation {unknown}
 s - a potion of haste {unknown}
 t - a potion of brilliance {unknown}
 w - a potion of resistance {unknown}
 C - a potion of curing {unknown}
Books
 B - a book of Air

   Spells                             Type                      Level
   a - Shock                          Conjuration/Air              1
   b - Swiftness                      Charms/Air                   2
   c - Static Discharge               Conjuration/Air              3
   d - Airstrike                      Air                          4
   e - Lightning Bolt                 Conjuration/Air              5
Comestibles
 f - 5 bread rations
 u - 3 royal jellies
 x - 3 fruits
 z - a meat ration


   Skills:
 + Level 8.4 Fighting
 * Level 11.1 Maces & Flails
 + Level 4.6 Armour
 + Level 2.4 Dodging
 + Level 4.5 Shields


You had 8 spell levels left.
You didn't know any spells.

Dungeon Overview and Level Annotations

Branches:
Dungeon (6/15)             Temple (1/1) D:6

Altars:
Cheibriados
Dithmenos
Elyvilon
Fedhas
Gozag
Hepliaklqana
Kikubaaqudgha
Makhleb
Nemelex Xobeh
Okawaru
Qazlal
Ru
Sif Muna
Trog
Uskayaw
Vehumet
Xom
Zin
The Shining One


Innate Abilities, Weirdness & Mutations

You reflexively headbutt those who attack you in melee.
You have a pair of horns on your head.


Message History

The ogre is almost dead.
Your shield and chain mail prevent you from hitting the ogre.
The ogre is almost dead.
The ogre hits you with a giant club!
Your shield and chain mail prevent you from hitting the ogre.
The ogre is almost dead.
The ogre barely misses you. You furiously retaliate!
You headbutt the ogre!
You kill the ogre!
An ogre comes into view. It is wielding a giant spiked club.
The ogre shouts!
Things that are here:
a giant club; an ogre corpse You completely miss the ogre.
Your headbutt misses the ogre.
The ogre hits you with a giant spiked club!!
* * * LOW HITPOINT WARNING * * *
You hit the ogre but do no damage. You thump the ogre!
The ogre is moderately wounded.
The ogre hits you with a giant spiked club!
You die...

##...........#
.#............#
............O.#
#............#
#............#
..........# .
#.......# ##...
#.)#####...#
##..O@...#
######..##..##
#...........#
##...........#
#............#
#............#
#............#
##............#
#.............#


You could see an ogre.

Vanquished Creatures
  The ghost of cereshysteria the Ruffian, a novice NaFi of Okawaru (D:5)
  Grinder (D:3)
  Sigmund (D:3)
  An ice beast (D:5)
  A sky beast (D:6)
  2 phantoms
  3 ogres
  A bullfrog (D:6)
  A scorpion (D:5)
  A howler monkey (D:4)
  A crimson imp (D:4)
  An orc priest (D:3)
  A bullfrog skeleton (D:4)
  2 orc wizards (D:5)
  6 hounds
  An iguana (D:4)
  2 worker ants (D:5)
  2 hound skeletons
  A howler monkey zombie (D:5)
  13 adders
  A shadow imp (D:3)
  An ooze (D:2)
  An adder skeleton (D:4)
  A worm (D:4)
  7 leopard geckos
  22 orcs
  A ball python (D:2)
  3 giant cockroaches
  9 goblins
  8 hobgoblins
  7 jackals
  11 kobolds
  A quokka (D:3)
  3 bats
  6 frilled lizards
  3 rats
128 creatures vanquished.

Notes
Turn   | Place    | Note
-------+----------+-------------------------------------------
     0 | D:1      | Jumanji the Minotaur Fighter began the quest for the Orb.
     0 | D:1      | Reached XP level 1. HP: 19/19 MP: 0/0
    58 | D:1      | Reached skill level 3 in Maces & Flails
   227 | D:1      | Reached XP level 2. HP: 26/27 MP: 1/1
   513 | D:2      | Reached skill level 4 in Maces & Flails
   513 | D:2      | Reached XP level 3. HP: 16/33 MP: 2/2
   973 | D:2      | Found a blossoming altar of Fedhas.
  1029 | D:2      | Reached XP level 4. HP: 34/41 MP: 3/3
  1330 | D:3      | Reached skill level 5 in Maces & Flails
  1450 | D:3      | Found a radiant altar of Vehumet.
  1451 | D:3      | Found a shadowy altar of Dithmenos.
  1458 | D:3      | Reached XP level 5. HP: 43/47 MP: 4/4
  1630 | D:3      | Reached skill level 5 in Fighting
  1741 | D:3      | Reached skill level 6 in Maces & Flails
  1771 | D:3      | Noticed Grinder
  1777 | D:3      | Paralysed by Grinder for 6 turns
  1792 | D:3      | Killed Grinder
  1792 | D:3      | Reached skill level 7 in Maces & Flails
  1792 | D:3      | Reached XP level 6. HP: 4/56 MP: 5/5
  2247 | D:3      | Noticed Sigmund
  2277 | D:3      | Killed Sigmund
  2277 | D:3      | Reached skill level 8 in Maces & Flails
  2277 | D:3      | Reached XP level 7. HP: 38/63 MP: 6/6
  2627 | D:4      | Reached skill level 9 in Maces & Flails
  3053 | D:4      | Reached XP level 8. HP: 70/73 MP: 7/7
  3136 | D:5      | Entered Level 5 of the Dungeon
  3142 | D:5      | Noticed cereshysteria's ghost (novice NaFi)
  3143 | D:5      | Found an iron altar of Okawaru.
  3157 | D:5      | Killed cereshysteria's ghost
  3157 | D:5      | Reached skill level 10 in Maces & Flails
  3332 | D:5      | Found a burning altar of Makhleb.
  3523 | D:5      | Reached skill level 1 in Dodging
  3740 | D:5      | Found a glowing silver altar of Zin.
  3861 | D:5      | Found a hide-covered altar of Uskayaw.
  3867 | D:5      | Found an iron altar of Okawaru.
  3867 | D:5      | Found a sacrificial altar of Ru.
  3870 | D:5      | Found a white marble altar of Elyvilon.
  3944 | D:6      | Found a staircase to the Ecumenical Temple.
  3962 | Temple   | Entered the Ecumenical Temple
  4133 | Temple   | Became a worshipper of the Shining One
  4176 | D:6      | Reached skill level 11 in Maces & Flails
  4288 | D:6      | Reached XP level 9. HP: 71/81 MP: 8/8
  4348 | D:6      | Mangled by an ogre

Skill      XL: |  1  2  3  4  5  6  7  8 |
---------------+-------------------------+-----
Maces & Flails | 3 4 5 7 8 9 11 | 11.1
Fighting       | 4 5 6 7 8 |  8.4
Armour         | 4 |  4.6
Dodging        | 2 |  2.4
Shields        | 4 |  4.5

Action                   |  1- 3 |  4- 6 |  7- 9 || total
-------------------------+-------+-------+-------++-------
Melee: Flail             |    81 |   109 |   224 ||   414
       Headbutt          |     8 |    16 |    54 ||    78
  Eat: Chunk             |       |     4 |     6 ||    10
Armor: Scale mail        |    38 |    17 |       ||    55
       Chain mail        |       |    21 |    64 ||    85
Dodge: Dodged            |    25 |    20 |    25 ||    70
Block: Shield            |    40 |    36 |    84 ||   160
